Map: 2000 Atmospheres LE

Players

A.I. 1 (Very Easy)

  • Race: Protoss Protoss
  • Spawn Location: 3:00

Barcode - Winner!

  • Race: Terran Terran
  • League: Diamond
  • Spawn Location: 7:00

VOD

Have the link to the VOD?

Description

Time

  • Played on: May 15, 2022, 12:05 p.m.
  • Length: 11:06
Show
View Real Time Build Order
Export as new Build Order

A.I. 1 (Very Easy) Protoss 

Build Orders: 1 Gate Expand, Nexus First 

Get SALT Encoding   

  12  0:00  Probe  
  13  0:13  Probe  
  14  0:19  Pylon  
  14  0:42  Gateway  
  14  1:00  Nexus  
  14  1:18  Pylon  
  14  1:20  Zealot  
  14  1:23  Assimilator  
  16  1:32  Probe  
  16  1:35  Cybernetics Core  
  17  1:41  Probe  
  18  1:53  Probe  
  19  2:02  Assimilator, Probe  
  20  2:11  Stalker  
  20  2:12  Probe  
  23  2:15  Probe  
  23  2:17  Warp Gate  
  24  2:27  Probe  
  25  2:30  Probe  
  26  2:46  Probe  
  26  2:48  Assimilator  
  27  2:51  Pylon  
  27  2:53  Probe  
  28  3:00  Probe  
  29  3:07  Probe  
  29  3:10  Probe  
  29  3:11  Robotics Facility  
  31  3:22  Zealot, Probe  
  34  3:28  Probe  
  35  3:36  Probe  
  36  3:43  Probe  
  37  3:50  Probe  
  38  3:57  Probe  
  38  3:58  Observer  
  40  4:04  Probe  
  41  4:11  Assimilator  
  41  4:12  Probe  
  41  4:13  Observer  
  41  4:15  Probe  
  44  4:26  Probe  
  44  4:29  Pylon  
  45  4:33  Sentry, Probe  
  48  4:40  Probe  
  49  4:48  Probe  
  42  5:43  Zealot  
  44  6:54  Zealot  
  46  8:05  Sentry  
  48  9:15  Stalker  
  42  10:26  Zealot  
  44  10:33  Gateway  
  46  10:37  Robotics Bay, Probe  
  46  10:39  Pylon  
  46  10:42  Stargate  
  23  10:47  Probe  
Show
View Real Time Build Order
Export as new Build Order

Barcode Terran - Winner!

Build Orders:  

Get SALT Encoding   

  12  0:00  SCV  
  13  0:13  SCV  
  14  0:17  Supply Depot  
  14  0:27  SCV  
  15  0:39  Barracks  
  15  0:40  SCV  
  16  0:45  Refinery  
  16  0:52  SCV  
  17  1:04  SCV  
  18  1:16  SCV  
  19  1:28  Orbital Command  
  19  1:35  Barracks Reactor  
  19  1:39  Command Center  
  19  1:50  Supply Depot  
  19  1:54  SCV  
  20  2:02  Barracks  
  20  2:06  SCV  
  21  2:12  Marine x2  
  23  2:17  Barracks  
  23  2:18  SCV  
  24  2:30  Marine x2  
  24  2:31  SCV  
  27  2:44  SCV  
  27  2:47  Marine  
  27  2:48  Marine  
  27  2:49  Refinery  
  30  2:53  Barracks Tech Lab  
  30  2:59  Orbital Command  
  30  3:00  SCV  
  31  3:05  Barracks Tech Lab  
  31  3:09  Marine x2  
  31  3:12  SCV  
  34  3:16  Marine  
  34  3:17  Stimpack  
  35  3:24  SCV, Marine  
  35  3:25  Combat Shield  
  35  3:26  Marine x2  
  38  3:27  SCV  
  40  3:35  Supply Depot  
  40  3:36  Marine  
  40  3:37  SCV  
  40  3:40  SCV  
  43  3:42  Marine  
  43  3:45  Supply Depot  
  44  3:48  Marine  
  44  3:49  SCV  
  46  3:57  SCV, Marine x2  
  46  4:01  SCV  
  46  4:02  Marine  
  51  4:06  Marine  
  51  4:09  SCV  
  53  4:14  SCV, Marine x2  
  56  4:18  Supply Depot  
  56  4:19  Factory, Marine  
  56  4:21  SCV  
  58  4:24  Marine  
  58  4:26  SCV  
  60  4:32  Marine x2  
  62  4:40  SCV, Marine  
  62  4:42  Marine  
  65  4:45  Command Center  
  65  4:50  Marine  
  65  4:52  Supply Depot, SCV  
  67  4:53  Marine  
  67  4:55  SCV  
  67  4:57  Marine  
  70  5:07  Factory Reactor, Starport  
  70  5:13  SCV x2, Marine x3  
  74  5:15  Supply Depot  
  74  5:19  Marine  
  74  5:25  SCV x2  
  76  5:30  Supply Depot  
  76  5:31  Marine x2  
  76  5:33  Engineering Bay x2  
  76  5:35  Refinery  
  78  5:36  Marine, Refinery  
  78  5:37  SCV x2  
  79  5:45  Marine  
  79  5:49  Marine x2  
  77  5:54  Marine  
  67  6:00  SCV, Orbital Command  
  67  6:03  Marine  
  69  6:06  Marine x2, Terran Infantry Weapons Level 1  
  69  6:07  Terran Infantry Armor Level 1  
  69  6:08  SCV  
  72  6:12  Marine  
  72  6:14  Factory Tech Lab, Barracks  
  72  6:15  Medivac x2, Barracks  
  72  6:16  SCV  
  72  6:17  Orbital Command  
  78  6:20  SCV  
  78  6:21  Marine  
  78  6:24  Marine x2, Concussive Shells  
  82  6:29  SCV  
  82  6:32  SCV  
  84  6:34  Siege Tank  
  84  6:35  Marine  
  84  6:39  Supply Depot, Marine  
  89  6:41  SCV  
  89  6:42  SCV, Marine  
  89  6:43  Marauder  
  89  6:46  SCV  
  95  6:53  SCV, Marine  
  97  6:54  Supply Depot, SCV  
  97  6:55  Supply Depot  
  97  6:56  Marine  
  97  7:00  Marine  
  101  7:01  SCV  
  101  7:04  Marauder  
  101  7:06  Barracks Reactor x2  
  103  7:09  SCV  
  103  7:10  SCV  
  103  7:11  Marine  
  103  7:12  Medivac  
  103  7:13  SCV  
  103  7:14  Medivac  
  103  7:15  Marauder  
  113  7:17  Siege Tank  
  113  7:18  Marine  
  117  7:22  Armory  
  117  7:23  SCV x2  
  117  7:25  SCV, Marine  
  121  7:33  Barracks  
  121  7:35  SCV  
  121  7:36  Barracks  
  121  7:37  SCV, Barracks  
  123  7:39  Refinery  
  123  7:40  Supply Depot, Marine x2, Refinery  
  123  7:41  Marine  
  123  7:43  Marine x2  
  123  7:44  Marine  
  129  7:45  Marine  
  129  7:48  Marine  
  131  7:58  Marine x2  
  131  8:00  Marine  
  131  8:01  Marine x3  
  131  8:03  Siege Tank, Marine  
  131  8:04  Medivac x2  
  145  8:06  Marauder  
  147  8:14  Terran Infantry Armor Level 2, Terran Infantry Weapons Level 2  
  147  8:17  Marine x2  
  147  8:18  Marauder  
  151  8:25  Barracks Tech Lab  
  151  8:26  Barracks Reactor  
  151  8:27  Barracks Tech Lab  
  151  8:36  Supply Depot  
  151  8:37  Marine x3  
  151  8:38  Supply Depot, Marine  
  151  8:39  Marine  
  156  8:42  Marauder  
  156  8:44  Marine x2  
  156  8:45  Marauder x2  
  164  8:56  Ghost Academy  
  164  8:58  Viking x2, Marine x3  
  164  9:02  Marauder  
  173  9:03  Supply Depot, Marauder  
  173  9:05  Supply Depot  
  173  9:06  Marauder, Marine x3  
  173  9:09  Marine x2  
  182  9:13  Marine  
  182  9:16  Marine x2  
  185  9:21  Marine  
  185  9:24  Marauder, Marine  
  188  9:25  Marauder  
  188  9:28  Ghost  
  188  9:30  Ghost  
  195  9:41  Marine x4  
  195  9:42  Marine  
  200  9:45  Supply Depot  
  200  9:59  Command Center  
Tags
 
Add a new tag
Caveats
  • Supply blocks, unpowered buildings, or Contaminate may cause inaccurate times.
  • Supply counts are checked every 10 seconds.